junglejim, chaotic female elven Priestess ---- --- --- ..| -..-- ----.-- ---- --.--- ....---- |.....| ------ --..-- --- --....| ....... |.....---.--.-----....--------------- --.----.....--- .....-- -.....|................G..G.G......| |.............| ......-- |.....*..^.....--......G)--------- - --.|........-.--- ...... ---.............|...)....-- -----..........| .....-- |..|.|^..---..|-........| --...--....---.....| -------.-- ---|.........-- |...|---....|....- --.---- --.....^...| |...-- |.........| |.....----|.....(......| --...---.....q..-- ----........---...........| --..>.......oqoq| |...........<|.h...---....| |...........o.|@| |.....--...[......-- ----- |.......---..-|.| --...----.........| ---.-------..||.-- ---.| |.........- --- |...||..-- --- |..........| --..||...| ----......-- ------..| --.|.--- ---- ----- junglejim the Adept Experience level: 7 Strength: 13 Dexterity: 13 Constitution: 14 Intelligence: 9 Wisdom: 20 Charisma: 10 Health: 0(40) Energy: 139(139) Def: 7 Gold: 1839 Moves: 5156 Dungeon seed: mfEDjkcjAh75gzOf Game ID: junglejim_1432662928 Your Inventory: Coins $ - 1839 gold pieces Weapons a - a blessed +1 mace (weapon in hand) Armor n - an uncursed +0 small shield (being worn) q - an uncursed +0 studded leather armor (being worn) r - an uncursed +0 shield of reflection y - an uncursed +0 orcish helm (being worn) G - an uncursed +0 robe (being worn) Comestibles c - an uncursed clove of garlic d - an uncursed sprig of wolfsbane k - 2 uncursed lichen corpses w - 2 uncursed food rations S - an uncursed tripe ration Scrolls g - a blessed scroll of teleportation i - an uncursed scroll of teleportation o - an uncursed scroll of enchant weapon named (60) s - an uncursed scroll of scare monster v - an uncursed scroll of enchant armor x - an uncursed scroll of destroy armor z - an uncursed scroll of enchant weapon Potions b - 2 potions of holy water h - an uncursed potion of see invisible m - an uncursed potion of paralysis u - an uncursed potion of blindness Wands N - an uncursed wand of digging (0:4) X - an uncursed wand of magic missile (0:5) Tools e - an uncursed lock pick l - an uncursed oil lamp (0:1393) t - an uncursed towel Spells known in the end: Name Level Category Fail Memory a - remove curse 3 clerical 0% 75% b - healing 1 healing 0% 75% c - protection 1 clerical 0% 75% d - create monster 2 clerical 0% 83% Your skills at the end: Fighting Skills Weapon Skills mace [Skilled] Spellcasting Skills clerical spells [Basic] Final Attributes: You were devoutly aligned. You were sleep resistant. You were blinded. You were telepathic. You had infravision. You are dead. Vanquished creatures: a ghost 2 quivering blobs an orc-captain an iron piercer an ice vortex a gnome king a dingo a housecat a jaguar 8 Mordor orcs a rock mole a yellow light 2 gnome lords 3 straw golems a giant ant 3 floating eyes 5 dwarves a kobold lord a kobold shaman a rabid rat a giant bat a monkey 2 dwarf zombies a werejackal 2 iguanas 4 killer bees 2 acid blobs 5 coyotes a gas spore 4 hobbits a large kobold 3 hobgoblins 4 giant rats 4 yellow molds a green mold a red mold 13 gnomes 4 geckos 12 jackals 2 foxen 2 kobolds 5 goblins a sewer rat 3 grid bugs 7 lichens a kobold zombie 5 newts 129 creatures vanquished. Voluntary challenges: You had been an atheist until turn 4009. You used a wielded weapon 183 times, starting on turn 7. You read items or engraved 3 times, starting on turn 1656. You never genocided any monsters. You never polymorphed an object. You never changed form. You used no wishes. You never split a pudding. You never wrote Elbereth's name. You violated your moral code, losing 1 point of alignment, starting on turn 1012. Dungeon overview: The Dungeons of Doom: levels 1 to 9 Level 1 a fountain a long staircase Level 2 a general store, an altar to Kos, a fountain, a sink Level 3 a general store Level 4 stairs to The Gnomish Mines Level 5 (Bones) a fountain, a sink Level 6 a fountain Level 7 a fountain Level 8 many fountains Level 9 The Gnomish Mines: levels 5 to 7 Level 5 stairs to The Dungeons of Doom Level 6 <- You were here Level 7 History has recorded: On T:1 you entered the Dungeons of Doom to retrieve the Amulet of Yendor! On T:362 you reached level 2 of The Dungeons of Doom. On T:408 you advanced to experience level 2. On T:512 you advanced to experience level 3. On T:910 you reached level 3 of The Dungeons of Doom. On T:1043 you reached level 4 of The Dungeons of Doom. On T:1205 you advanced to experience level 4. On T:1760 you reached level 1 of The Gnomish Mines. On T:1802 you reached level 5 of The Dungeons of Doom. On T:2085 you advanced to experience level 5. On T:2670 you reached level 6 of The Dungeons of Doom. On T:2970 you reached level 7 of The Dungeons of Doom. On T:3199 you advanced to experience level 6. On T:3338 you reached level 8 of The Dungeons of Doom. On T:3575 you reached level 9 of The Dungeons of Doom. On T:4468 you advanced to experience level 7. On T:4545 you reached level 2 of The Gnomish Mines. On T:4789 you reached level 3 of The Gnomish Mines. Score breakdown: Gold: 1839 (11105 points) Experience: 7 levels (13645 points) Exploration: 9 levels ( 18.75%) (12377 points) Discoveries: 8 items ( 2.80%) ( 5017 points) Valuables value: (no points given unless you survive) Artifact value: 0 ( 0 points) Variety of kills: 47 monsters ( 12.40%) (10564 points) Time penalty: 5156 turns (-1400 points) Survival: died (score multiplied by 80%) Total score: 41046 Latest messages: You drop an uncursed yellow potion named ~. You drop an uncursed gray stone. Annootok seems uninterested. Your movements are now unencumbered. You attack thin air. The rothe hits! The rothe bites! (2x) The Uruk-hai hits! You die... Final status: Goodbye junglejim the Priestess, killed by an Uruk-hai... You died in The Gnomish Mines on dungeon level 6 with 41046 points, and 1839 pieces of gold, after 5156 moves. You were level 7 with a maximum of 40 hit points when you died.